 Dungeon Crawl Stone Soup version 0.30.1-6-gbe392663c4 (webtiles) character file.

Game seed: 3175679051329278415

1337 boopmooplesden the Chopper (level 8, -5/105 HPs)
             Began as an Armataur Fighter on Sept 21, 2023.
             Was a Follower of Trog.
             Slain by an orange demon (6 damage)
             ... on level 2 of the Abyss.
             The game lasted 00:08:28 (3691 turns).

boopmooplesden the Chopper (Armataur Fighter)       Turns: 3691, Time: 00:08:29

Health: -5/105     AC: 12    Str: 30    XL:     8   Next: 35%
Magic:  8/8        EV:  0    Int:  9    God:    Trog [*.....]
Gold:   222        SH: 27    Dex:  9    Spells: 7/7 levels left

rFire   . . .        a - +0 war axe
rCold   . . .        q - +18 shield of the Gong {Loud rN+ Will+ rCorr EV-5}
rNeg    + . .        o - +0 plate armour
rPois   +            k - +1 helmet "Fayvvetz" {rPois}
rElec   .            (no cloak)
rCorr   +            (no gloves)
SInv    .            (no barding)
Will    ++...        (no amulet) Stlth
                     e - ring of willpower
HPRegen 0.00/turn    l - +6 ring of strength
MPRegen 0.11/turn

%: roll
@: berserking, weakened, sick, slowed
A: large, rugged brown scales 3, deformed body, armoured tail, roll, long
tongue, awkward tongue
a: Renounce Religion, Berserk


You were on level 2 of the Abyss.
You worshipped Trog.
Trog was aware of your devotion.
You visited 2 branches of the dungeon, and saw 7 of its levels.
You visited the Abyss 1 time.

You collected 222 gold pieces.

Inventory:

Hand Weapons
 a - a +0 war axe (weapon)
Armour
 b - a +0 scale mail
 c - a +1 buckler
 j - a +0 helmet
 k - the +1 helmet "Fayvvetz" (worn) {rPois}
   (You acquired it on level 2 of the Dungeon)

   rPois:     It protects you from poison.
 o - a +0 plate armour (worn)
 q - the +18 shield of the Gong (worn) {Loud rN+ Will+ rCorr EV-5}
   (You found it on level 3 of the Dungeon)

   Loud:      It is deafeningly noisy when blocking attacks.
   EV:        It affects your evasion (-5).
   rN:        It protects you from negative energy.
   rCorr:     It protects you from acid and corrosion.
   Will:      It increases your willpower.
Jewellery
 e - a ring of willpower (left hand)
 l - a +6 ring of strength (right hand)
 m - a +5 ring of evasion
 r - a ring of magical power
Wands
 g - a wand of light (4)
Scrolls
 p - 3 scrolls of noise
 s - 2 scrolls of amnesia
 t - 2 scrolls of blinking
 v - a scroll of fear
Potions
 d - a potion of flight {unknown}
 f - 2 potions of heal wounds
 h - 3 potions of haste
 i - 4 potions of ambrosia
 n - 2 potions of degeneration {unknown}
 u - a potion of experience {unknown}
 w - 2 potions of mutation {unknown}


   Skills:
 + Level 4.2 Fighting
 + Level 6.3 Axes
 + Level 5.7 Armour
 + Level 0.8 Dodging
 + Level 0.6 Stealth
 + Level 5.9 Shields


You had 7 spell levels left.
You didn't know any spells.
Your spell library contained the following spells:

 Spells                   Type           Power      Damage    Failure   Level
 Slow                     Hex            0%         N/A       100%        1
 Confusing Touch          Hex            0%         N/A       100%        3
 Stone Arrow              Conj/Erth      0%         3d7       100%        3
 Vampiric Draining        Necr           0%         2d6       100%        3
 Animate Armour           Summ/Erth      0%         N/A       100%        4
 Lehudib's Crystal Spear  Conj/Erth      0%         10d2      100%        8


Dungeon Overview and Level Annotations

Branches:
Dungeon (6/15)             Temple (1/1) D:5

Altars:
Ashenzari
Dithmenos
Fedhas
Hepliaklqana
Kikubaaqudgha
Makhleb
Okawaru
Ru
Sif Muna
Trog
Uskayaw
Vehumet
Yredelemnul
Zin


Innate Abilities, Weirdness & Mutations

You are completely covered in rugged brown scales. (AC +3, +7% HP)
Armour fits poorly on your strangely shaped body.
You have a long armoured tail.
You roll when moving toward enemies. (Rampage)
Your long tongue fully drains potion bottles. (2x potion effects)
Your tongue gives you trouble enunciating. (1.5x scroll delay)


Message History

GONNNNG!
You block the orange demon's attack.
PTOANNNG!
You block the orange demon's attack.
BONNNG!
The wraith hits you but does no damage.
You slash the orange demon!
The orange demon is severely wounded.
You hit the ancient zyme. You hit the wraith but do no damage.
You block the ancient zyme's attack.
GONNNNG!
You block the ancient zyme's attack.
GONNNNG!
You block the orange demon's attack.
PTOANNNG!
You block the orange demon's attack.
SHROANNG!
The wraith hits you.
* * * LOW HITPOINT WARNING * * *
You hear a chilling moan.
You hear a roar!
Unknown command.
Unknown command.
You slash the orange demon!
The orange demon is almost dead.
You completely miss the ancient zyme. You closely miss the wraith.
You block the ancient zyme's attack.
GONNNNG!
The ancient zyme hits you.
* * * LOW HITPOINT WARNING * * *
You feel ill. The orange demon stings you.
* * * LOW HITPOINT WARNING * * *
You block the orange demon's attack.
BONNNG!
The wraith hits you.
* * * LOW HITPOINT WARNING * * *
The wraith drains your vigour!
You feel yourself slow down.
You barely miss the orange demon.
The orange demon is almost dead.
You slash the ancient zyme! You slash the wraith! The orange demon stings you.
You die...

#####. .#...
.....W..#.
.#ยง#....
...#..#
##..#..# . #
#......# ...
#.
##..#W.#5..##
. #
##..Xx@4.....#
## .
#.##5###.#.#.#
#.###. #
....5# ..
......
..##...# ... .
##.# ...#.#
... #
#.##.##.#.# ..
...#.##..# #
##.##.#...##..
##.# .## #..
..#


You could see an orange demon, an ancient zyme, a large abomination, a wraith, a
white imp and an ufetubus.

Vanquished Creatures
  Grinder (D:3)
  Menkaure (D:3)
  2 ogres
  4 scorpions (D:5)
  2 orc priests
  2 jellies
  A hound (D:5)
  4 iguanas
  5 orc wizards
  2 gnolls (D:6)
  10 adders
  An adder skeleton (D:3)
  2 worms (D:4)
  4 dart slugs
  11 orcs
  8 ball pythons
  10 endoplasms
  5 giant cockroaches
  12 goblins
  11 hobgoblins
  6 jackals
  5 quokkas
  11 bats
  4 frilled lizards
  10 kobolds
  2 rats (D:3)
136 creatures vanquished.

Vanquished Creatures (others)
  A lurking horror (Abyss:2)
1 creature vanquished.

Grand Total: 137 creatures vanquished

Notes
Turn   | Place    | Note
-------+----------+-------------------------------------------
     0 | D:1      | boopmooplesden the Armataur Fighter began the quest for the
                  | Orb.
     0 | D:1      | Reached XP level 1. HP: 19/19 MP: 1/1
   140 | D:1      | Reached XP level 2. HP: 26/26 MP: 2/2
   666 | D:2      | Reached XP level 3. HP: 33/33 MP: 3/3
   690 | D:2      | Found a hide-covered altar of Uskayaw.
   742 | D:2      | Reached skill level 2 in Axes
   985 | D:2      | Found a faded altar of an unknown god.
  1200 | D:2      | Identified a scroll of acquirement
  1200 | D:2      | Acquired the +1 helmet "Fayvvetz" {rPois}
  1254 | D:3      | Reached XP level 4. HP: 24/40 MP: 4/4
  1470 | D:3      | Found a transporter.
  1494 | D:3      | Found a transporter.
  1494 | D:3      | Found a basalt altar of Yredelemnul.
  1494 | D:3      | Found the +18 shield of the Gong {Loud rN+ Will+ rCorr
                  | EV-5}
  1498 | D:3      | Noticed Menkaure
  1505 | D:3      | Found an ancient bone altar of Kikubaaqudgha.
  1558 | D:3      | Killed Menkaure
  1559 | D:3      | Reached skill level 3 in Axes
  1559 | D:3      | Reached XP level 5. HP: 21/48 MP: 5/5
  1739 | D:3      | Noticed Grinder
  1783 | D:3      | Killed Grinder
  1784 | D:3      | Reached skill level 4 in Axes
  1784 | D:3      | Reached skill level 5 in Armour
  1784 | D:3      | Reached XP level 6. HP: 50/55 MP: 6/6
  1814 | D:3      | Found a hazy altar of Hepliaklqana.
  1821 | D:3      | Found a burning altar of Makhleb.
  2405 | D:4      | Reached XP level 7. HP: 48/62 MP: 7/7
  2422 | D:4      | Reached skill level 5 in Shields
  2540 | D:4      | Found a blossoming altar of Fedhas.
  2744 | D:5      | Entered Level 5 of the Dungeon
  2861 | D:5      | Reached skill level 5 in Axes
  2922 | D:5      | Found a staircase to the Ecumenical Temple.
  2940 | Temple   | Entered the Ecumenical Temple
  2950 | Temple   | Became a worshipper of Trog the Wrathful
  3029 | D:5      | Found a broken altar of Ashenzari.
  3226 | D:5      | Reached XP level 8. HP: 65/70 MP: 8/8
  3236 | D:5      | Reached skill level 6 in Axes
  3373 | D:5      | Reached * piety under Trog
  3620 | Abyss:2  | Cast into level 2 of the Abyss (gnoll sergeant)
  3644 | Abyss:2  | Found a corrupted altar of Lugonu.
  3654 | Abyss:2  | Noticed an ancient zyme
  3670 | Abyss:2  | Noticed a large abomination
  3676 | Abyss:2  | Noticed an orange demon
  3690 | Abyss:2  | HP: 4/105 [orange demon (2)]
  3690 | Abyss:2  | HP: 1/105 [wraith (3)]
  3691 | Abyss:2  | Slain by an orange demon

Illustrated notes

Levels and vault maps discovered:
D:1:      shiori_arrival_elements, layout_basic
D:2:      layout_basic, basic_altar, hellmonk_ecumenical_altar_leap_of_faith,
          minmay_hedge_maze
D:3:      minmay_wonky_spiral, layout_basic, gammafunk_temple_of_torment,
          nicolae_overflow_hidden_temple, uniq_grinder
D:4:      layout_basic, lemuel_tele_altar
D:5:      old_forge, layout_loops_cross, old_standard_altar,
          minmay_temple_entry_antechambers
D:6:      layout_loops_cross, grunt_gozag_statues, minmay_strange_pillars
Temple:   hellmonk_temple_of_storms
Abyss:2:  base: D:2, evilmike_abyss_exit_plants

Skill      XL: |  1  2  3  4  5  6  7  8 |
---------------+-------------------------+-----
Fighting       | 3 4 |  4.2
Armour         | 4 5 |  5.7
Axes           | 2 3 4 5 6 |  6.3
Shields        | 4 5 |  5.9
Dodging        | |  0.8
Stealth        | |  0.6

Action                     |  1- 3 |  4- 6 |  7- 9 || total
---------------------------+-------+-------+-------++-------
  Melee: War axe           |   121 |   103 |   161 ||   385
         Tailslap          |     8 |    11 |    16 ||    35
 Invoke: Berserk           |       |       |     2 ||     2
    Use: Scroll            |     5 |     8 |     2 ||    15
         Potion            |       |     1 |     2 ||     3
 Armour: Scale mail        |    59 |       |       ||    59
         Plate armour      |    31 |    26 |    48 ||   105
  Dodge: Dodged            |    42 |     2 |     1 ||    45
  Block: Buckler           |    35 |     5 |       ||    40
         Kite shield       |       |   102 |   220 ||   322
